 Dungeon Crawl Stone Soup version 0.27.1-33-g824d729ab1 (webtiles) character file.

Game seed: 1948116359205248259

3238 alucard the Gouger (level 9, -5/41 HPs)
             Began as a Felid Berserker on Dec 18, 2021.
             Was a Priest of Trog.
             Killed from afar by an electric eel (7 damage)
             ... with a bolt of electricity
             ... on level 8 of the Dungeon.
             The game lasted 00:43:46 (26916 turns).

alucard the Gouger (Felid Berserker)               Turns: 26916, Time: 00:43:47

Health: -5/41      AC:  2    Str: 14 (16) XL:     9   Next: 66%
Magic:  19/19      EV: 37    Int:  7 (9)  God:    Trog [***...]
Gold:   374        SH:  0    Dex: 15      Spells: 8/8 levels left
                                        Lives:  0   Deaths: 2

rFire    . . .     SeeInvis +     - Unarmed
rCold    . . .     Faith    .   (shield unavailable)
rNeg     . . .     Spirit   .   (armour unavailable)
rPois    .         Reflect  .   (helmet unavailable)
rElec    .         Harm     .   (cloak unavailable)
rCorr    .         Rampage  .   (gloves unavailable)
Will     +....                  (boots unavailable)
Stlth    ++++......             k - amulet of the acrobat
HPRegen  0.13/turn              o - ring of magical power
MPRegen  0.16/turn              (no ring)

@: acrobatic, quick
A: very small, claws 1, fangs 3, see invisible, speed 1, shaggy fur 2, stealthy
paws, no weapons or thrown items, no armour, multi-lived
a: Renounce Religion, Berserk, Trog's Hand


You were on level 8 of the Dungeon.
You worshipped Trog.
Trog was most pleased with you.
You visited 2 branches of the dungeon, and saw 11 of its levels.

You collected 374 gold pieces.

Inventory:

Jewellery
 k - an amulet of the acrobat (around neck)
 o - a ring of magical power (left paw)
Wands
 c - a wand of paralysis (16)
 d - a wand of acid (3)
 g - a wand of mindburst (7)
 l - a wand of flame (45)
 r - a wand of iceblast (17)
Scrolls
 b - 9 scrolls of teleportation
 e - a scroll of fear
 j - a scroll of identify
 m - a scroll of amnesia {unknown}
 p - 2 scrolls of enchant armour
Potions
 a - a potion of heal wounds {unknown}
 f - a potion of curing
 h - a potion of haste
 i - a potion of brilliance


   Skills:
 * Level 6.1 Fighting
 * Level 9.6 Dodging
 * Level 10.1 Stealth
 * Level 10.8 Unarmed Combat
 + Level 0.1 Evocations


You had 8 spell levels left.
You didn't know any spells.
Your spell library contained the following spells:

 Spells                   Type           Power      Damage    Failure   Level
 Foxfire                  Conj/Fire      0%         2x1d4     43%         1
 Shock                    Conj/Air       0%         1d3       43%         1
 Conjure Flame            Conj/Fire      0%         6-21      80%         3
 Inner Flame              Hex/Fire       0%         N/A       80%         3
 Swiftness                Air            0%         N/A       80%         3
 Airstrike                Air            0%         N/A       99%         4
 Summon Lightning Spire   Summ/Air       0%         N/A       99%         4
 Blade Hands              Tmut           0%         N/A       100%        5
 Lightning Bolt           Conj/Air       0%         1d11      100%        5
 Portal Projectile        Hex/Tloc       Unusable   N/A       N/A         3
 Excruciating Wounds      Necr           Unusable   N/A       N/A         5

Dungeon Overview and Level Annotations

Branches:
Dungeon (10/15)            Temple (1/1) D:6            Lair (0/6) D:8
    Orc: D:9-12

Altars:
Ashenzari
Cheibriados
Elyvilon
Fedhas
Gozag
Hepliaklqana
Kikubaaqudgha
Makhleb
Nemelex Xobeh
Okawaru
Qazlal
Ru
Sif Muna
Trog
Uskayaw
Vehumet
Wu Jian
Xom
Yredelemnul
Zin
The Shining One

Annotations:
D:3 Sigmund
D:5 1 transporter, exclusion: downstairs


Innate Abilities, Weirdness & Mutations

You have sharp claws.
You have razor-sharp teeth.
You have supernaturally acute eyesight. (SInv)
You cover ground quickly. (Speed+)
You are covered in thick fur. (AC +2)
Your paws help you pounce on unaware monsters.
You are incapable of wielding weapons or throwing items.
You cannot wear armour.
You gain extra lives every three experience levels.


Message History

The electric eel shoots out a bolt of lightning at you!
The bolt of electricity hits you!
Aiming: Corrosive Bolt
Press: ? - help, Shift-Dir - straight line, f/p - electric eel
Aim: an electric eel (water, almost dead, covered in acid, 53% to hit)
The bolt of acid misses the electric eel.
The electric eel shoots out a bolt of lightning at you!
The bolt of electricity hits you.
Attack: -) Teeth and claws
Press: ? - help, Dir - move target, f - you, p - electric eel
Okay, then.
Aiming: Corrosive Bolt
Press: ? - help, Shift-Dir - straight line, f/p - electric eel
Aim: an electric eel (water, almost dead, covered in acid, 53% to hit)
The bolt of acid hits the electric eel!
The electric eel is splashed with acid!
The electric eel seems to be corroded for longer.
You kill the electric eel!
Trog accepts your kill.
You hear a splash.
You start resting.
An electric eel is nearby!
An electric eel is nearby!
An electric eel is nearby!
An electric eel is nearby!
An electric eel is nearby!
An electric eel is nearby!
An electric eel is nearby!
An electric eel is nearby!
There is an open door here.
The electric eel shoots out a bolt of lightning at you!
The bolt of electricity hits you!
The electric eel shoots out a bolt of lightning at you!
The bolt of electricity misses you.
The electric eel shoots out a bolt of lightning at you!
The bolt of electricity hits you. The bolt of electricity hits you!
* * * LOW HITPOINT WARNING * * *
There is an open door here.
The electric eel shoots out a bolt of lightning at you!
The bolt of electricity hits you!
You die...

..).....####..≈≈≈≈≈.≈≈≈≈...###
.............≈..≈≈≈.≈≈≈≈≈..#.####
...............≈≈≈≈.≈≈≈≈≈........
.............≈≈≈≈;≈.≈.≈≈≈..o.....
...............≈≈≈≈.≈.≈≈.........
[................≈≈.≈.≈.....o....
.................................
.................................
................@'......#........
.................##############'#
##############...................
#...'....#...................
#...#....#...................
#...#....#................... ###
#...######...................
..#####'##...####'############)##
..#......#......'....# .........#


You could see an electric eel.

Vanquished Creatures
  A troll (D:7)
  The ghost of JamezByez the Magician, an amateur TeWz of Jiyva (D:5)
  A shadow (D:10)
  3 water moccasins
  An ice beast (D:8)
  3 orc warriors
  A sky beast (D:5)
  A hornet zombie (D:7)
  A black bear (D:7)
  2 ogres
  2 necrophages (D:7)
  3 wolves
  3 centaurs
  A phantom (D:5)
  2 bullfrogs
  2 water moccasin zombies
  2 wyvern skeletons
  9 killer bees
  14 wights
  2 electric eels
  7 orc priests
  2 centaur zombies (D:7)
  6 hounds
  A bullfrog zombie (D:7)
  2 jellies
  A human zombie (D:7)
  A centaur skeleton (D:7)
  A bullfrog skeleton (D:7)
  3 iguanas
  A scorpion zombie (D:5)
  5 orc wizards
  Natasha (thrice) (D:2)
  2 killer bee zombies (D:7)
  A mummy (D:7)
  5 gnolls
  A howler monkey skeleton (D:5)
  9 adders
  3 river rats (D:6)
  A white imp (D:5)
  A worm (D:4)
  3 dart slugs
  25 orcs
  6 bats
  3 endoplasms
  7 giant cockroaches
  6 goblins
  8 hobgoblins
  2 jackals (D:4)
  4 quokkas
  9 ball pythons
  8 frilled lizards
  8 kobolds
  13 rats
213 creatures vanquished.

Vanquished Creatures (others)
  2 fungi (D:3)
  18 plants
20 creatures vanquished.

Grand Total: 233 creatures vanquished

Notes
Turn   | Place    | Note
-------+----------+-------------------------------------------
     0 | D:1      | alucard the Felid Berserker began the quest for the Orb.
     0 | D:1      | Reached XP level 1. HP: 10/10 MP: 2/2
   315 | D:1      | Reached XP level 2. HP: 14/14 MP: 3/3
  2075 | D:1      | Reached XP level 3. HP: 17/17 MP: 4/4
  2118 | D:1      | Reached skill level 1 in Stealth
  3180 | D:2      | Noticed Natasha
  3185 | D:2      | Killed Natasha
  3186 | D:2      | Reached XP level 4. HP: 21/21 MP: 5/5
  3419 | D:2      | Noticed Natasha
  3426 | D:2      | Killed Natasha
  3427 | D:2      | Reached skill level 5 in Dodging
  3630 | D:2      | Noticed Natasha
  3661 | D:2      | Killed Natasha
  3763 | D:2      | Reached XP level 5. HP: 18/24 MP: 6/6
  4158 | D:2      | Reached ** piety under Trog
  4692 | D:3      | You fall into a shaft and drop 2 floors!
  4692 | D:5      | Entered Level 5 of the Dungeon
  4695 | D:5      | Noticed a sky beast
  4751 | D:4      | Found an ornate altar of the Wu Jian Council.
  5671 | D:4      | Noticed a centaur
  6375 | D:3      | Found an iron altar of Okawaru.
  6384 | D:4      | Reached skill level 5 in Unarmed Combat
  6384 | D:4      | Gained mutation: You are covered in thick fur. (AC +2)
                  | [Felid growth]
  6384 | D:4      | Reached XP level 6. HP: 28/28 MP: 7/7
  6727 | D:3      | Noticed Sigmund
  7051 | D:3      | Noticed a water moccasin
  8613 | D:5      | Reached XP level 7. HP: 23/32 MP: 8/8
  8797 | D:5      | Noticed JamezByez's ghost (amateur TeWz)
  8800 | D:5      | Found a runed translucent door.
  8820 | D:5      | Found a transporter.
  8897 | D:5      | Reached skill level 5 in Stealth
  9143 | D:5      | Found a transporter.
 10487 | D:6      | Slain by a wight
 10488 | D:6      | Reached XP level 6. HP: -4/37 MP: 16/16
 10847 | D:6      | Reached XP level 7. HP: 33/33 MP: 8/8
 11770 | D:6      | Found a staircase to the Ecumenical Temple.
 12824 | D:5      | Reached XP level 8. HP: 36/36 MP: 9/9
 14602 | D:3      | Found a faded altar of an unknown god.
 14656 | D:3      | Found an opulent altar of Gozag.
 14686 | D:3      | Reached *** piety under Trog
 14828 | D:3      | Reached skill level 5 in Fighting
 15993 | D:7      | Paralysed by an orc for 5 turns
 17072 | D:7      | Reached XP level 9. HP: 20/40 MP: 10/10
 19037 | D:7      | Found a basalt altar of Yredelemnul.
 19810 | D:8      | Noticed a troll
 20566 | D:5      | Killed from afar by an electric eel
 20567 | D:5      | Reached XP level 8. HP: 0/37 MP: 18/18
 20612 | D:5      | Killed JamezByez's ghost
 20613 | D:5      | Reached skill level 10 in Unarmed Combat
 21672 | Temple   | Entered the Ecumenical Temple
 22415 | D:9      | Reached XP level 9. HP: 21/41 MP: 10/10
 22667 | D:9      | You fall into a shaft and drop 1 floor!
 22667 | D:10     | Entered Level 10 of the Dungeon
 22667 | D:10     | Noticed a two-headed ogre
 22756 | D:9      | Found a glowing silver altar of Zin.
 22758 | D:9      | Found an ancient bone altar of Kikubaaqudgha.
 22789 | D:9      | Noticed a two-headed ogre
 23464 | D:7      | Reached skill level 10 in Stealth
 23948 | D:7      | Killed a troll
 26247 | D:8      | Found a staircase to the Lair.
 26915 | D:8      | HP: 2/41 [electric eel/bolt of electricity (13)]
 26916 | D:8      | Killed from afar by an electric eel

Illustrated notes

Levels and vault maps discovered:
D:1:      dpeg_arrival_circle_labyrinth_c, layout_basic
D:2:      layout_basic, st_stairs_4, minmay_quadrilaterals, uniq_natasha
D:3:      layout_loops_corners, nicolae_overflow_crystal_walls,
          nicolae_gozag_cash_rules_everything_around_me, serial_forest,
          infiniplex_forest_lined_room_2, infiniplex_forest_clump_diagonal,
          infiniplex_forest_corner_1, infiniplex_forest_end_1,
          infiniplex_forest_straight_4, infiniplex_forest_lined_2,
          infiniplex_forest_lined_3, infiniplex_forest_zigzag_1,
          shapermc_ecumenical_altar_hornbeckon, kennysheep_donut, uniq_sigmund
D:4:      layout_loops_ring, lemuel_tele_altar
D:5:      gammafunk_steamed_eel, layout_loops_corners,
          hellmonk_ghost_happy_afterlife
D:6:      layout_loops_ring, temple_fountains, lightli_sewer_entry_pipes
D:7:      layout_basic, lemuel_mausoleum_altar_yredelemnul
D:8:      layout_gridville, erik_lair_island, chequers_decorated_corner,
          minmay_misc_feat_doors, minmay_misc_feat_tower
D:9:      layout_rooms, mainiacjoe_overflow_catwalk_spiral, special_room
          [special_room_orc], serial_shops, nicolae_square_shop, uniq_harold
D:10:     layout_rooms, grunt_dithmenos_smoke_and_mirrors, hiddenorc2_lemuel,
          st_stairs_9, kennysheep_another_room
Temple:   bh_familiar_temple

Skill      XL: |  1  2  3  4  5  6  7  8  9 |
---------------+----------------------------+-----
Stealth        | 1 2 3 4 6 8 10 | 10.1
Unarmed Combat | 4 5 7 10 | 10.8
Dodging        | 5 7 8 9 |  9.6
Fighting       | 4 5 6 |  6.1
Evocations     | |  0.1

Action                   |  1- 3 |  4- 6 |  7- 9 || total
-------------------------+-------+-------+-------++-------
Melee: Unarmed           |    91 |   150 |   438 ||   679
       Bite              |    12 |    16 |    43 ||    71
       Punch             |     5 |       |    17 ||    22
Invok: Berserk           |     4 |     9 |    25 ||    38
       Trog's Hand       |       |     2 |     6 ||     8
Evoke: Wand              |       |       |     8 ||     8
  Use: Scroll            |       |       |    13 ||    13
       Potion            |       |       |     6 ||     6
 Stab: Sleeping          |     4 |    11 |    22 ||    37
Armor: Skin              |     6 |     3 |    26 ||    35
Dodge: Dodged            |    85 |    89 |   397 ||   571
